 Dungeon Crawl Stone Soup version 0.31-a0-865-g3d5d91748a (webtiles) character file.

Game seed: 13487828863570182621

117131 croobank the Covert (level 16, -3/117 HPs)
             Began as a Gnoll Delver on Oct 10, 2023.
             Was the Champion of Hepliaklqana.
             Shot with a bolt by a naga sharpshooter (21 damage)
             ... on level 1 of the Snake Pit.
             The game lasted 02:28:31 (37505 turns).

croobank the Covert (Gnoll Delver)                 Turns: 37505, Time: 02:28:32

Health: -3/117     AC: 20    Str: 22    XL:     16   Next: 73%
Magic:  31/31      EV: 16    Int: 20    God:    Hepliaklqana [******]
Gold:   133        SH:  8    Dex: 11    Spells: 3/37 levels left

rFire   . . .        F - +2 eveningstar (flame)
rCold   + . .        a - +2 buckler {reflect}
rNeg    + + +        b - +3 leather armour {rC+}
rPois   +            q - +2 helmet {Int+3}
rElec   .            n - +2 cloak {rPois}
rCorr   +            o - +0 pair of gloves "Tich" {rN+ Will+ rCorr}
SInv    .            (no boots)
Will    ++...        M - amulet "Ger Dauc" {Acrobat +Blink rN+++ Str+3 Dex-2}
Stlth   +++++        t - +4 ring of protection
HPRegen 0.39/turn    d - +6 ring of strength
MPRegen 0.22/turn

%: reflection, acrobat
@: studying Fire Magic
A: reduced essence, fangs 1, strong nose, distributed training
a: Renounce Religion, Evoke Blink, Recall Ancestor, Ancestor Identity,
Transference, Idealise


You were on level 1 of the Snake Pit.
You worshipped Hepliaklqana.
Hepliaklqana was exalted by your worship.
You visited 5 branches of the dungeon, and saw 24 of its levels.
You also visited: Bailey, Gauntlet and Ice Cave.

You collected 2591 gold pieces.
You spent 2458 gold pieces at shops.

Inventory:

Hand Weapons
 m - a +5 short sword of speed
 s - a +3 antimagic spear
 F - a +2 eveningstar of flaming (weapon)
 P - a +4 scimitar of flaming
 Q - the +4 short sword "Geulig" {heavy, Int+3 SInv}
   (You found it on level 5 of the Lair of Beasts)

   Int+3:     It affects your intelligence (+3).
   SInv:      It lets you see invisible.
 V - the +5 trident of Mutilation {vamp, rElec Will++ Int+3}
   (You found it on level 5 of the Lair of Beasts)

   Int+3:     It affects your intelligence (+3).
   rElec:     It insulates you from electricity.
   Will++:    It greatly increases your willpower.
Missiles
 f - 3 curare-tipped darts (quivered)
 z - a throwing net
 R - 4 silver javelins
 T - 18 javelins
Armour
 a - a +2 buckler of reflection (worn)
 b - a +3 leather armour of cold resistance (worn)
 n - a +2 cloak of poison resistance (worn)
 o - the +0 pair of gloves "Tich" (worn) {rN+ Will+ rCorr}
   (You found it in a Gauntlet)

   rN+:       It protects you from negative energy.
   Will+:     It increases your willpower.
   rCorr:     It protects you from acid and corrosion.
 q - a +2 helmet of intelligence (worn)
 v - a +0 kite shield of cold resistance
 D - a +2 robe of resistance
Jewellery
 d - a +6 ring of strength (right hand)
 t - a +4 ring of protection (left hand)
 u - the ring of Nobility {rF+ Str-3 Int+6}
   (You found it in an ice cave)

   [ring of protection from fire]

   Str-3:     It affects your strength (-3).
   Int+6:     It affects your intelligence (+6).
   rF+:       It protects you from fire.
 H - the amulet "Earthly Heaven" {Spirit rPois rF+ Int+3}
   (You found it in an ice cave)

   [amulet of guardian spirit]

   Spirit:    It causes incoming damage to be divided between your reserves of
   health and magic.
   Int+3:     It affects your intelligence (+3).
   rF+:       It protects you from fire.
   rPois:     It protects you from poison
 I - the ring of Contentment {rPois Dex+7}
   (You found it in an ice cave)

   [ring of poison resistance]

   Dex+7:     It affects your dexterity (+7).
   rPois:     It protects you from poison
 M - the amulet "Ger Dauc" (around neck) {Acrobat +Blink rN+++ Str+3 Dex-2}
   (You found it in an ice cave)

   [amulet of the acrobat]

   Acrobat:   It increases your evasion while moving and waiting.
   Str+3:     It affects your strength (+3).
   Dex-2:     It affects your dexterity (-2).
   rN+++:     It renders you almost immune to negative energy.
   +Blink:    It lets you blink.
Wands
 g - a wand of digging (12)
 l - a wand of paralysis (14)
 C - a wand of flame (15)
 E - a wand of mindburst (4)
Scrolls
 c - 6 scrolls of fog
 h - a scroll of poison
 x - 9 scrolls of teleportation
 y - 3 scrolls of blinking
 N - a scroll of brand weapon
 W - 3 scrolls of vulnerability
Potions
 i - 4 potions of enlightenment
 k - a potion of lignification
 w - 8 potions of curing
 A - 3 potions of attraction
 G - 3 potions of ambrosia
 K - 3 potions of mutation
 O - 5 potions of magic
 X - 2 potions of cancellation
Miscellaneous
 j - a box of beasts
 r - a phial of floods


   Skills:
 + Level 13.0 Fighting
 + Level 12.2 Short Blades
 + Level 11.3 Long Blades
 + Level 11.3 Axes
 + Level 11.3 Maces & Flails
 + Level 11.3 Polearms
 + Level 11.3 Staves
 + Level 11.3 Ranged Weapons
 + Level 11.3 Throwing
 + Level 11.3 Armour
 + Level 12.2 Dodging
 + Level 14.5 Stealth
 + Level 11.3 Shields
 + Level 11.3 Unarmed Combat
 + Level 11.3 Spellcasting
 + Level 9.5 Conjurations
 + Level 9.5 Hexes
 + Level 9.5 Summonings
 + Level 9.5 Necromancy
 + Level 9.5 Translocations
 + Level 9.5 Transmutations
 + Level 10.2 Fire Magic
 + Level 9.5 Ice Magic
 + Level 9.5 Air Magic
 + Level 9.5 Earth Magic
 + Level 9.5 Poison Magic
 + Level 12.3 Invocations
 + Level 11.3 Evocations
 + Level 10.4 Shapeshifting


You had 3 spell levels left.
You knew the following spells:

 Your Spells              Type           Power      Damage    Failure   Level
a - Teleport Other        Tloc           49%        N/A       1%          3
b - Arcjolt               Conj/Air       24%        1d34      4%          5
c - Plasma Beam           Fire/Air       25%        2x1d37    21%         6
d - Wereblood             Tmut           49%        N/A       1%          2
e - Blink                 Tloc           98%        N/A       1%          2
f - Summon Mana Viper     Hex/Summ       49%        N/A       4%          5
g - Summon Cactus Giant   Summ           24%        N/A       24%         6
h - Summon Forest         Summ/Tloc      24%        N/A       4%          5

Your spell library contained the following spells:

 Spells                   Type           Power      Damage    Failure   Level
 Apportation              Tloc           98%        N/A       1%          1
 Jinxbite                 Hex            98%        N/A       1%          2
 Lesser Beckoning         Tloc           98%        N/A       1%          2
 Momentum Strike          Conj/Tloc      98%        3d10      1%          2
 Scorch                   Fire           100%       2d9       1%          2
 Sublimation of Blood     Necr           49%        N/A       1%          2
 Gell's Gravitas          Tloc           49%        N/A       1%          3
 Flame Wave               Conj/Fire      50%        2d12      1%          4
 Summon Ice Beast         Ice/Summ       49%        N/A       1%          4
 Vhi's Electric Charge    Tloc/Air       98%        N/A       1%          4
 Alistair's Intoxication  Tmut/Pois      32%        N/A       4%          5
 Conjure Ball Lightning   Conj/Air       24%        3x3d7     24%         6
 Malign Gateway           Summ/Tloc      24%        N/A       78%         7
 Monstrous Menagerie      Summ           24%        N/A       78%         7
 Summon Hydra             Summ           24%        N/A       78%         7
 Discord                  Hex            24%        N/A       100%        8
 Disjunction              Tloc           24%        N/A       100%        8


Dungeon Overview and Level Annotations

Branches:
Dungeon (15/15)            Temple (1/1) D:6            Lair (5/5) D:11
 Shoals (0/4) Lair:3        Snake (1/4) Lair:2        Slime (0/5) Lair:4
    Orc (2/2) D:10            Elf (0/3) Orc:2        Vaults (0/5) D:14
 Depths (0/4) D:15         Bailey (visited)           IceCv (visited)
Gauntlet (visited)

Altars:
Ashenzari
Cheibriados
Dithmenos
Elyvilon
Fedhas
Gozag
Hepliaklqana
Kikubaaqudgha
Makhleb
Nemelex Xobeh
Okawaru
Qazlal
Ru
Sif Muna
Trog
Uskayaw
Vehumet
Wu Jian
Xom
Yredelemnul
Zin
The Shining One
Jiyva
Lugonu

Shops:
D:5 (:[?   Orc:2 ([*:

Portals:
Abyss: Lair:5
Trove: D:15 (show slimy rune of Zot)

Annotations:
D:11 3 runed translucent doors, Ufudd's ghost, journeyman DsWn
D:15 Roxanne


Innate Abilities, Weirdness & Mutations

Your life essence is reduced to manifest your ancestor. (-10% HP)
You have very sharp teeth.
Your uncanny sense of smell can sniff out nearby items.
Your experience applies equally to all skills.


Message History

The naga sharpshooter magically shoots a bolt.
The bolt misses you. You block the black mamba's attack.
A salamander comes into view. It is wielding a +3 trident.
Okay, then.
Okay, then.
You impale the naga sharpshooter!! You burn the naga sharpshooter.
You kill the naga sharpshooter!
The black mamba completely misses you. The black mamba misses you.
The black mamba bites you but does no damage.
The black mamba closely misses you. You block the black mamba's attack.
The naga sharpshooter gestures wildly while chanting.
The naga sharpshooter magically shoots a bolt.
The bolt hits you!
* * * LOW HITPOINT WARNING * * *
A naga comes into view. It is wielding a +0 long sword.
The black mamba bites you but does no damage.
Your Fighting skill increases to level 13!
Okay, then.
As you read the scroll of fear, it crumbles to dust.
You assume a fearsome visage.
The naga looks frightened!
The naga sharpshooter looks frightened!
The black mamba looks frightened!
The salamander easily resists.
The black mamba looks frightened! x2
A mana viper comes into view.
You closely miss the mana viper. You block the mana viper's attack.
The mana viper barely misses you.
You impale the mana viper!! You burn the mana viper!
Your bite misses the mana viper.
The mana viper is almost dead.
The mana viper barely misses you.
You barely miss the mana viper.
The mana viper is almost dead.
You block the mana viper's attack.
The naga sharpshooter shoots a bolt.
The bolt hits you!
* * * LOW HITPOINT WARNING * * *
You barely miss the mana viper.
You bite the mana viper, but do no damage.
The mana viper is almost dead.
The mana viper barely misses you. You block the salamander's attack.
The naga sharpshooter shoots a bolt.
The bolt hits you!!
You die...

.....##...... ... ..NN..).....
.. .. ........... ... ..
#.........# ........
#.......... ##......##.
##..)........
##.......##.##.N..........
##.......##...#..).N.......
##...#.........@.#..........
##....#.........S.#.)##.....
#.....#..............##..### .
.......)......####.#.....# ...
..#....##..##...#.###...#.....
..#....#............##........
.....#..#....##..##...#......#
....##..#..#........#..##.....
...>........#......##.......#.


You could see a naga sharpshooter, a salamander, a mana viper and a naga.

Vanquished Creatures
  Kirke (Lair:5)
  An orc warlord (Orc:2)
  A quicksilver ooze (IceCv)
  A dire elephant (Lair:5)
  A minotaur (Gauntlet)
  A great orb of eyes (shapeshifter) (Lair:5)
  The ghost of Uveod the Nimble, a journeyman FeEE of Gozag (Lair:4)
  3 hydras
  An alligator (Lair:5)
  An ogre mage (D:15)
  An anaconda (Snake:1)
  4 boulder beetles
  2 death knights (D:15)
  4 centaur warriors
  2 naga warriors (Snake:1)
  3 two-headed ogres
  A tengu warrior (D:13)
  2 death yaks (Lair:4)
  A naga sharpshooter (Snake:1)
  2 orc high priests (Orc:2)
  A skeletal warrior (D:15)
  Amaemon (Lair:3)
  A fire crab (Lair:4)
  A fire crab (shapeshifter) (D:15)
  A deep troll (D:14)
  2 orc knights (Orc:2)
  Pikel (D:4)
  4 lindwurms
  4 orc sorcerers
  A mana viper (Snake:1)
  A deep elf pyromancer (D:13)
  A wolf spider (D:15)
  7 ugly things
  A salamander (Lair:2)
  A manticore (D:14)
  8 elephants
  A guardian serpent (shapeshifter) (D:15)
  2 ice statues (IceCv)
  Joseph (D:7)
  2 gargoyles
  An orange demon (Lair:3)
  2 naga magi (D:15)
  9 cane toads
  A kobold demonologist (D:12)
  A rime drake (Lair:1)
  5 yaktaurs (D:15)
  8 komodo dragons
  An unseen horror (shapeshifter) (D:15)
  2 freezing wraiths (D:15)
  5 trolls
  Grinder (D:4)
  A tarantella (shapeshifter) (D:14)
  Prince Ribbit (D:5)
  A raiju (Lair:5)
  13 blink frogs
  5 dream sheep
  13 slime creatures
  21 yaks
  A spriggan (shapeshifter) (Lair:5)
  2 vampires
  9 wraiths
  2 ynoxinuls (Lair:5)
  4 basilisks
  5 hogs (Lair:5)
  7 vampire mosquitoes
  A redback (Lair:4)
  A steam dragon (Lair:3)
  A warg (D:10)
  Menkaure (D:4)
  A death yak simulacrum (Orc:2)
  A harpy simulacrum (D:15)
  A naga (Snake:1)
  An acid dragon (D:12)
  6 water moccasins
  A large abomination (Lair:5)
  An ice beast (D:6)
  23 orc warriors
  A black bear (D:6)
  A great orb of eyes simulacrum (IceCv)
  7 wolves
  3 ogres
  8 centaurs
  A slime creature simulacrum (IceCv)
  4 lemures
  4 small abominations (Lair:5)
  3 kobold brigands
  Blork the orc (D:4)
  7 bullfrogs
  A gnoll sergeant (D:13)
  A glowing shapeshifter simulacrum (IceCv)
  3 scorpions
  8 wights (D:8)
  4 killer bees (D:9)
  A vampire bat (D:13)
  6 electric eels
  3 howler monkeys
  3 lava snakes
  2 jellies
  18 orc priests
  A gnoll bouda (D:9)
  A hound (D:6)
  3 iguanas
  21 orc wizards
  16 gnolls
  7 adders
  A naga simulacrum (Orc:2)
  A shadow imp (D:6)
  2 white imps
  3 worms
  4 dart slugs
  66 orcs
  2 bat skeletons (D:13)
  2 bat zombies (D:13)
  14 endoplasms
  3 giant cockroaches
  12 goblins
  6 hobgoblins
  2 jackals (D:2)
  17 kobolds
  2 quokkas
  9 ball pythons
  A frilled lizard (D:1)
  3 rats
525 creatures vanquished.

Vanquished Creatures (collateral kills)
  Donald (Orc:2)
  An azure jelly (IceCv)
  A quicksilver ooze (IceCv)
  Josephine (D:10)
  Erolcha (Orc:1)
  A hydra (Lair:5)
  3 centaur warriors
  4 two-headed ogres
  An anaconda (Snake:1)
  3 boulder beetles
  A death yak (Lair:4)
  2 orc high priests (Orc:2)
  3 thrashing horrors (Lair:5)
  Urug (Orc:1)
  A skyshark (Lair:4)
  A wizard (D:15)
  A necromancer (D:15)
  2 orc sorcerers
  A wolf spider (D:15)
  A manticore (D:14)
  A wolf spider zombie (D:15)
  2 orc knights
  5 ugly things
  7 elephants
  A torpor snail (Lair:5)
  3 black mambas
  2 centaur skeletons (D:15)
  An ice statue (IceCv)
  A kobold demonologist (D:14)
  A gargoyle (D:13)
  A smoke demon (Lair:5)
  5 cane toads
  2 komodo dragons
  2 unseen horrors (D:12)
  A freezing wraith (D:14)
  A rime drake (Lair:4)
  2 trolls
  2 polar bears (Lair:5)
  A wind drake (shapeshifter) (D:14)
  A raiju (Lair:5)
  2 tarantellas (Lair:4)
  9 blink frogs
  4 dream sheep (Lair:4)
  10 slime creatures (IceCv)
  A centaur simulacrum (D:15)
  A jumping spider (Lair:4)
  A wyvern (D:9)
  2 shadows
  A ynoxinul (Lair:5)
  2 hogs (Lair:5)
  17 yaks
  4 wraiths
  7 basilisks
  A redback simulacrum (D:15)
  A redback (Lair:4)
  A steam dragon (D:9)
  A death yak simulacrum (Orc:2)
  5 vampire mosquitoes
  2 nagas (Snake:1)
  3 small abominations (Lair:5)
  2 large abominations (Lair:5)
  7 water moccasins
  15 orc warriors
  2 wolves
  5 centaurs
  4 slime creature simulacra (IceCv)
  3 kobold brigands (D:12)
  4 bullfrogs
  A two-headed ogre simulacrum (Orc:2)
  2 wights (D:8)
  A vampire bat (D:13)
  A lava snake (Lair:2)
  A jelly (Lair:4)
  8 orc priests
  11 orc wizards
  2 troll simulacra (Orc:2)
  A wolf simulacrum (Orc:2)
  2 gnolls
  A naga simulacrum (Orc:2)
  26 orcs
  A bat skeleton (D:13)
  An endoplasm (Lair:4)
  4 kobolds
253 creatures vanquished.

Vanquished Creatures (others)
  Nessos (Orc:2)
  A blizzard demon (Gauntlet)
  5 ancestors
  19 battlemagi
  A white imp (Gauntlet)
27 creatures vanquished.

Grand Total: 805 creatures vanquished

Notes
Turn   | Place    | Note
-------+----------+-------------------------------------------
     0 | D:5      | Reached skill level 9 in Stealth
     0 | D:5      | croobank the Gnoll Delver began the quest for the Orb.
     0 | D:5      | Reached XP level 1. HP: 23/23 MP: 1/1
    19 | D:5      | Noticed an iguana
    26 | D:5      | Killed an iguana
    27 | D:5      | Reached XP level 2. HP: 29/29 MP: 2/2
    27 | D:5      | Reached XP level 3. HP: 35/35 MP: 3/3
    86 | D:6      | Reached skill level 1 in Invocations
   205 | D:6      | Noticed an ice beast
   261 | D:5      | Reached skill level 1 in Long Blades
   261 | D:5      | Reached skill level 1 in Axes
   261 | D:5      | Reached skill level 1 in Maces & Flails
   261 | D:5      | Reached skill level 1 in Polearms
   261 | D:5      | Reached skill level 1 in Staves
   261 | D:5      | Reached skill level 1 in Ranged Weapons
   261 | D:5      | Reached skill level 1 in Throwing
   261 | D:5      | Reached skill level 1 in Armour
   261 | D:5      | Reached skill level 1 in Shields
   261 | D:5      | Reached skill level 1 in Unarmed Combat
   261 | D:5      | Reached skill level 1 in Spellcasting
   261 | D:5      | Reached skill level 1 in Evocations
   261 | D:5      | Reached skill level 1 in Shapeshifting
   261 | D:5      | Reached XP level 4. HP: 28/41 MP: 5/5
   367 | D:5      | Found Tuiloala's Book Shoppe.
   411 | D:5      | Noticed an ogre
   459 | D:5      | Found Zeeso's Antique Armour Emporium.
   484 | D:4      | Noticed Blork the orc
   489 | D:4      | Killed Blork the orc
   490 | D:4      | Reached skill level 1 in Conjurations
   490 | D:4      | Reached skill level 1 in Hexes
   490 | D:4      | Reached skill level 1 in Summonings
   490 | D:4      | Reached skill level 1 in Necromancy
   490 | D:4      | Reached skill level 1 in Translocations
   490 | D:4      | Reached skill level 1 in Transmutations
   490 | D:4      | Reached skill level 1 in Fire Magic
   490 | D:4      | Reached skill level 1 in Ice Magic
   490 | D:4      | Reached skill level 1 in Air Magic
   490 | D:4      | Reached skill level 1 in Earth Magic
   490 | D:4      | Reached skill level 1 in Poison Magic
   490 | D:4      | Reached XP level 5. HP: 47/47 MP: 5/7
   551 | D:4      | Noticed Menkaure
   572 | D:4      | Killed Menkaure
   573 | D:4      | Reached XP level 6. HP: 14/53 MP: 8/8
   642 | D:4      | Noticed Grinder
   799 | D:3      | Reached skill level 5 in Short Blades
   799 | D:3      | Reached skill level 5 in Dodging
  3450 | D:4      | Reached XP level 7. HP: 22/59 MP: 10/10
  3641 | D:4      | Killed Grinder
  3642 | D:4      | Reached skill level 10 in Stealth
  4872 | D:5      | Reached XP level 8. HP: 45/47 MP: 12/12
  5105 | D:5      | Found Pivvuuca's Magic Scroll Shop.
  5110 | D:5      | Bought a scroll of identify for 28 gold pieces
  5110 | D:5      | Bought a scroll of identify for 28 gold pieces
  5308 | D:5      | Found Rocehema's Weapon Shoppe.
  5368 | D:5      | Noticed Prince Ribbit
  5370 | D:5      | Killed Prince Ribbit
  5599 | D:4      | Noticed Pikel
  5924 | D:4      | Killed Pikel
  5925 | D:4      | Reached XP level 9. HP: 39/73 MP: 14/14
  6387 | D:6      | Found a staircase to the Ecumenical Temple.
  6400 | Temple   | Entered the Ecumenical Temple
  6409 | Temple   | Became a worshipper of Hepliaklqana the Forgotten
  6473 | D:6      | Found a shimmering blue altar of Sif Muna.
  6694 | D:6      | Noticed a troll
  6735 | D:6      | Killed a troll
  7199 | D:7      | Found a flagged portal.
  7216 | D:7      | Learned a level 3 spell: Teleport Other
  7217 | Bailey   | Entered a bailey
  7304 | Bailey   | Reached skill level 5 in Invocations
  8080 | D:7      | Noticed Joseph
  8091 | D:7      | Killed Joseph
  8092 | D:7      | Reached XP level 10. HP: 36/80 MP: 17/17
  8995 | D:8      | Reached skill level 5 in Long Blades
  8995 | D:8      | Reached skill level 5 in Axes
  8995 | D:8      | Reached skill level 5 in Maces & Flails
  8995 | D:8      | Reached skill level 5 in Polearms
  8995 | D:8      | Reached skill level 5 in Staves
  8995 | D:8      | Reached skill level 5 in Ranged Weapons
  8995 | D:8      | Reached skill level 5 in Throwing
  8995 | D:8      | Reached skill level 5 in Armour
  8995 | D:8      | Reached skill level 5 in Shields
  8995 | D:8      | Reached skill level 5 in Unarmed Combat
  8995 | D:8      | Reached skill level 5 in Spellcasting
  8995 | D:8      | Reached skill level 5 in Evocations
  9254 | D:8      | Reached * piety under Hepliaklqana
 10279 | D:9      | Noticed a two-headed ogre
 10288 | D:9      | Killed a two-headed ogre
 10289 | D:9      | Reached skill level 11 in Stealth
 10289 | D:9      | Reached skill level 5 in Shapeshifting
 11040 | D:9      | Found an opulent altar of Gozag.
 11041 | D:9      | Found a shadowy altar of Dithmenos.
 11044 | D:9      | Found an iron altar of Okawaru.
 11044 | D:9      | Found an ornate altar of the Wu Jian Council.
 11044 | D:9      | Found a glowing golden altar of the Shining One.
 11045 | D:9      | Found a shimmering altar of Xom.
 11442 | D:10     | Entered Level 10 of the Dungeon
 11851 | D:10     | Reached XP level 11. HP: 78/78 MP: 19/19
 11878 | D:10     | Reached skill level 5 in Conjurations
 11878 | D:10     | Reached skill level 5 in Hexes
 11878 | D:10     | Reached skill level 5 in Summonings
 11878 | D:10     | Reached skill level 5 in Necromancy
 11878 | D:10     | Reached skill level 5 in Translocations
 11878 | D:10     | Reached skill level 5 in Transmutations
 11878 | D:10     | Reached skill level 5 in Fire Magic
 11878 | D:10     | Reached skill level 5 in Ice Magic
 11878 | D:10     | Reached skill level 5 in Air Magic
 11878 | D:10     | Reached skill level 5 in Earth Magic
 11878 | D:10     | Reached skill level 5 in Poison Magic
 12102 | D:10     | Noticed a two-headed ogre
 12106 | D:10     | Killed a two-headed ogre
 12130 | D:10     | Noticed Josephine
 12176 | D:10     | Killed Josephine
 12432 | D:10     | Reached ** piety under Hepliaklqana
 12433 | D:10     | Remembered your ancestor Nefertari as a battlemage
 12654 | D:10     | Found a sacrificial altar of Ru.
 12754 | D:10     | Found a staircase to the Orcish Mines.
 14185 | D:11     | Noticed a boulder beetle
 14192 | D:11     | Killed a boulder beetle
 14365 | D:11     | Found a staircase to the Lair.
 14390 | D:11     | Noticed a two-headed ogre
 14403 | D:11     | Killed a two-headed ogre
 14404 | D:11     | Reached XP level 12. HP: 13/87 MP: 22/22
 14897 | D:11     | Found a runed translucent gate.
 14898 | D:11     | Found a runed translucent gate.
 14898 | D:11     | Found a runed translucent gate.
 14901 | D:11     | Noticed Ufudd's ghost (journeyman DsWn)
 14922 | D:11     | Reached *** piety under Hepliaklqana
 15351 | D:12     | Noticed a boulder beetle
 15369 | D:12     | Killed a boulder beetle
 15523 | D:12     | Noticed a two-headed ogre
 15544 | D:12     | Killed a two-headed ogre
 15735 | D:12     | Reached skill level 12 in Stealth
 15991 | D:12     | Noticed a two-headed ogre
 16000 | D:12     | Killed a two-headed ogre
 16263 | D:12     | Reached skill level 10 in Fighting
 16838 | D:13     | Noticed a centaur warrior
 16838 | D:13     | Noticed a two-headed ogre
 16909 | Lair:1   | Entered Level 1 of the Lair of Beasts
 16909 | Lair:1   | Noticed a boulder beetle
 16931 | Lair:1   | Killed a boulder beetle
 17399 | Lair:1   | Reached **** piety under Hepliaklqana
 17559 | Lair:1   | Identified the +0 chain mail of the Eight Boll Weevils
                  | {Str+2}
 18446 | Lair:2   | Reached XP level 13. HP: 66/93 MP: 24/24
 18839 | Lair:2   | You fall into a shaft and drop 1 floor!
 20100 | Lair:2   | Found a staircase to the Snake Pit.
 20847 | Lair:3   | Noticed Amaemon
 20852 | Lair:3   | Killed Amaemon
 21022 | Lair:3   | Found a staircase to the Shoals.
 21277 | Lair:3   | Identified the +0 robe of the Everdark {rPois rF+}
 22167 | Lair:4   | Reached skill level 10 in Short Blades
 22167 | Lair:4   | Reached skill level 10 in Dodging
 22559 | Lair:4   | Reached ***** piety under Hepliaklqana
 22643 | Lair:4   | Found a runed translucent door.
 22692 | Lair:4   | Found a runed translucent gate.
 22692 | Lair:4   | Identified the +10 whip of Infection {distort, Dex+6}
 22697 | Lair:4   | Found a runed translucent gate.
 22719 | Lair:4   | Found a runed translucent gate.
 22719 | Lair:4   | Found a runed translucent gate.
 22719 | Lair:4   | Found a runed translucent gate.
 22719 | Lair:4   | Identified the +2 hat of Limited Liability {Dex+6}
 22720 | Lair:4   | Found a runed translucent gate.
 22861 | Lair:4   | Reached XP level 14. HP: 49/101 MP: 25/27
 23056 | Lair:4   | Reached skill level 13 in Stealth
 23566 | Lair:4   | Reached skill level 10 in Invocations
 23575 | Lair:4   | Upgraded the game from 0.31-a0-859-g9dce7d3444 to
                  | 0.31-a0-865-g3d5d91748a
 23807 | Lair:4   | Learned a level 5 spell: Arcjolt
 24004 | Lair:4   | Found a runed translucent door.
 24005 | Lair:4   | Noticed Uveod's ghost (journeyman FeEE)
 24023 | Lair:4   | Found a staircase to the Slime Pits.
 24023 | Lair:4   | Found a viscous altar of Jiyva.
 24256 | Lair:4   | Killed Uveod's ghost
 24579 | Lair:5   | Entered Level 5 of the Lair of Beasts
 24595 | Lair:5   | Noticed Kirke
 25268 | Lair:5   | Killed Kirke
 25688 | Lair:5   | Noticed a dire elephant
 26137 | Lair:5   | Killed a dire elephant
 26551 | Lair:5   | Identified the +4 short sword "Geulig" {heavy, Int+3 SInv}
 26579 | Lair:5   | Identified the +5 trident of Mutilation {vamp, rElec Will++
                  | Int+3}
 26709 | Lair:5   | Reached XP level 15. HP: 97/108 MP: 28/28
 26794 | Lair:5   | Reached skill level 10 in Long Blades
 26794 | Lair:5   | Reached skill level 10 in Axes
 26794 | Lair:5   | Reached skill level 10 in Maces & Flails
 26794 | Lair:5   | Reached skill level 10 in Polearms
 26794 | Lair:5   | Reached skill level 10 in Staves
 26794 | Lair:5   | Reached skill level 10 in Ranged Weapons
 26794 | Lair:5   | Reached skill level 10 in Throwing
 26794 | Lair:5   | Reached skill level 10 in Armour
 26794 | Lair:5   | Reached skill level 10 in Shields
 26794 | Lair:5   | Reached skill level 10 in Unarmed Combat
 26794 | Lair:5   | Reached skill level 10 in Spellcasting
 26794 | Lair:5   | Reached skill level 10 in Evocations
 26826 | Lair:5   | Found a corrupted altar of Lugonu.
 26826 | Lair:5   | Found a one-way gate to the infinite horrors of the Abyss.
 28026 | D:13     | Found an ancient bone altar of Kikubaaqudgha.
 28573 | D:14     | Found a gate to the Vaults.
 29110 | D:15     | Entered Level 15 of the Dungeon
 29110 | D:15     | Found a gate leading to a gauntlet.
 29149 | D:15     | Identified the +3 hand axe "Umpai" {pain, Fly Will+}
 29251 | Gauntlet | Entered a Gauntlet
 29251 | Gauntlet | Found a transporter.
 29265 | Gauntlet | Found a transporter.
 29267 | Gauntlet | Found a transporter.
 29270 | Gauntlet | Found a transporter.
 29271 | Gauntlet | Found a transporter.
 29279 | Gauntlet | Found a transporter.
 29280 | Gauntlet | Found a transporter.
 29298 | Gauntlet | Found a transporter.
 29315 | Gauntlet | Found a transporter.
 29319 | Gauntlet | Found a transporter.
 29328 | Gauntlet | Found a transporter.
 29372 | Gauntlet | Found a transporter.
 29517 | Gauntlet | Learned a level 6 spell: Plasma Beam
 29784 | Gauntlet | Identified the +0 pair of gloves "Tich" {rN+ Will+ rCorr}
 30949 | D:15     | Reached skill level 14 in Stealth
 30986 | D:15     | Noticed Roxanne
 32177 | D:15     | Reached XP level 16. HP: 57/116 MP: 6/30
 32430 | D:15     | Found a portal to a secret trove of treasure.
 32506 | D:15     | Identified the +0 robe of Fashionability {rPois Will+
                  | Str-4}
 32635 | D:15     | Found a staircase to the Depths.
 33070 | Orc:1    | Entered Level 1 of the Orcish Mines
 33070 | Orc:1    | Noticed Erolcha
 33076 | Orc:1    | Killed Erolcha
 33166 | Orc:1    | You fall into a shaft and drop 1 floor!
 33166 | Orc:2    | Entered Level 2 of the Orcish Mines
 33185 | Orc:2    | Noticed Donald
 33190 | Orc:2    | Killed Donald
 33292 | Orc:2    | Found a frozen archway.
 33324 | IceCv    | Entered an ice cave
 33352 | IceCv    | Reached skill level 10 in Shapeshifting
 33945 | IceCv    | Found a viscous altar of Jiyva.
 33945 | IceCv    | Noticed an azure jelly
 33974 | IceCv    | Killed an azure jelly
 34322 | IceCv    | Identified the ring of Nobility {rF+ Str-3 Int+6}
 34325 | IceCv    | Identified the amulet "Earthly Heaven" {Spirit rPois rF+
                  | Int+3}
 34327 | IceCv    | Identified the ring of Contentment {rPois Dex+7}
 34329 | IceCv    | Identified the amulet "Ger Dauc" {Acrobat +Blink rN+++
                  | Str+3 Dex-2}
 34941 | Orc:2    | Reached ****** piety under Hepliaklqana
 35069 | Orc:1    | Noticed Urug
 35080 | Orc:1    | Killed Urug
 35958 | Orc:2    | Found a staircase to the Elven Halls.
 35999 | Orc:2    | Noticed Nessos
 36006 | Orc:2    | Killed Nessos
 36416 | Orc:2    | Reached skill level 10 in Fire Magic
 36656 | Orc:2    | Found Duiputos's General Store.
 36656 | Orc:2    | Found Rumat's Book Shoppe.
 36658 | Orc:2    | Found Xael's Antique Armour Shoppe.
 36658 | Orc:2    | Found Harouh's Antique Weapon Emporium.
 36713 | Orc:2    | Bought a scroll of blinking for 112 gold pieces
 36714 | Orc:2    | Bought a book of Beasts for 608 gold pieces
 36714 | Orc:2    | Bought a book of Blood for 448 gold pieces
 36720 | Orc:2    | Learned a level 5 spell: Summon Mana Viper
 36726 | Orc:2    | Learned a level 2 spell: Wereblood
 36726 | Orc:2    | Bought a book of Scorching for 480 gold pieces
 36733 | Orc:2    | Learned a level 6 spell: Summon Cactus Giant
 36951 | D:5      | Bought the Reference Book on Nonlocality for 520 gold
                  | pieces
 36957 | D:5      | Learned a level 5 spell: Summon Forest
 36957 | D:5      | Bought a book of Spatial Translocations for 234 gold pieces
 36960 | D:5      | Learned a level 2 spell: Blink
 37160 | Snake:1  | Entered Level 1 of the Snake Pit
 37505 | Snake:1  | Shot with a bolt by a naga sharpshooter

Illustrated notes

Levels and vault maps discovered:
D:1:      minmay_arrival_solitary_statue, layout_loops_cross, st_stairs_11
D:2:      layout_basic
D:3:      layout_basic, roderic_roman_lattice
D:4:      layout_cave_pools, uniq_menkaure, uniq_pikel, uniq_blork_the_orc,
          uniq_grinder
D:5:      layout_loops_corners, serial_shops, shop, shop, shop, shop,
          uniq_prince_ribbit1
D:6:      minmay_chambers_of_fours, layout_basic, nicolae_sif_muna_condensation,
          minmay_temple_entry_waves
D:7:      layout_basic, enter_bailey_3, uniq_joseph
D:8:      layout_gridville, minmay_misc_feat_ornament,
          hangedman_decor_diamond_cutter
D:9:      layout_basic, grunt_temple_overflow_open
D:10:     layout_loops_ring, mainiacjoe_overflow_alcove_1, david_orc_1_choice,
          uniq_josephine
D:11:     layout_small_grid, lair_entry_dummy, gammafunk_ghost_necromancy
D:12:     layout_basic
D:13:     layout_rooms, kennysheep_vampire_church
D:14:     layout_long_grid, david_vaults_4, hangedman_abyss_or_decor_clamps
D:15:     grunt_enter_depths_magical_seal, layout_basic,
          nicolae_trove_entry_columns, gauntlet_entry_generic,
          patterned_corridor, kb_rosetta, uniq_roxanne
Temple:   nicolae_temple_great_sept
Lair:1:   layout_concentric_octagons, serial_bayou_lagoon_a
Lair:2:   layout_cellular_growth, nicolae_snake_entry_warm_welcome
Lair:3:   layout_gridlike, elwin_shoals_entry_rocks, serial_bayou_lagoon_b,
          uniq_amaemon
Lair:4:   gammafunk_indiana_jones, layout_regular_city,
          nicolae_slime_entry_slimehenge, ebering_ghost_inner_flame,
          infiniplex_staircase_pool, grunt_megastairs_2
Lair:5:   hellmonk_lair_end_abyssal_woods, layout_loops_ring,
          hangedman_lair_generics_rect, serial_bayou_shore_a, uniq_kirke
Snake:1:  layout_onion_interference, gammafunk_ghost_grave, grunt_megastairs_5
Orc:1:    layout_caves, nicolae_orc_flooded_monolith, uniq_urug, uniq_erolcha
Orc:2:    st_orc_congregation, layout_caves,
          portal_ice_cave_entry_ice_simulacra, uniq_nessos, uniq_donald

Skill      XL: |  1  2  3  4  5  6  7  8  9 10 11 12 13 14 15 16 |
---------------+-------------------------------------------------+-----
Stealth        | 10 11 12 13 14 | 14.5
Invocations    | 1 2 3 4 5 6 7 8 9 10 11 12 | 12.3
Long Blades    | 1 2 3 4 5 7 9 10 11 | 11.3
Axes           | 1 2 3 4 5 7 9 10 11 | 11.3
Maces & Flails | 1 2 3 4 5 7 9 10 11 | 11.3
Polearms       | 1 2 3 4 5 7 9 10 11 | 11.3
Staves         | 1 2 3 4 5 7 9 10 11 | 11.3
Ranged Weapons | 1 2 3 4 5 7 9 10 11 | 11.3
Throwing       | 1 2 3 4 5 7 9 10 11 | 11.3
Armour         | 1 2 3 4 5 7 9 10 11 | 11.3
Shields        | 1 2 3 4 5 7 9 10 11 | 11.3
Unarmed Combat | 1 2 3 4 5 7 9 10 11 | 11.3
Spellcasting   | 1 2 3 4 5 7 9 10 11 | 11.3
Evocations     | 1 2 3 4 5 7 9 10 11 | 11.3
Shapeshifting  | 1 2 3 4 5 6 7 8 9 10 | 10.4
Conjurations   | 1 2 3 4 5 6 7 8 9 |  9.5
Hexes          | 1 2 3 4 5 6 7 8 9 |  9.5
Summonings     | 1 2 3 4 5 6 7 8 9 |  9.5
Necromancy     | 1 2 3 4 5 6 7 8 9 |  9.5
Translocations | 1 2 3 4 5 6 7 8 9 |  9.5
Transmutations | 1 2 3 4 5 6 7 8 9 |  9.5
Fire Magic     | 1 2 3 4 5 6 7 8 9 10 | 10.2
Ice Magic      | 1 2 3 4 5 6 7 8 9 |  9.5
Air Magic      | 1 2 3 4 5 6 7 8 9 |  9.5
Earth Magic    | 1 2 3 4 5 6 7 8 9 |  9.5
Poison Magic   | 1 2 3 4 5 6 7 8 9 |  9.5
Short Blades   | 5 6 7 8 9 10 11 12 | 12.2
Dodging        | 5 6 7 8 9 10 11 12 | 12.2
Fighting       | 7 8 9 10 11 12 13 | 13.0

Action                     |  1- 3 |  4- 6 |  7- 9 | 10-12 | 13-15 | 16-18 || total
---------------------------+-------+-------+-------+-------+-------+-------++-------
  Melee: Short sword       |    21 |   244 |   418 |   755 |   756 |       ||  2194
         Bite              |     2 |    26 |    58 |   122 |   203 |    51 ||   462
         Punch             |       |     1 |    13 |    46 |    77 |       ||   137
         Trident           |       |       |       |       |   300 |    41 ||   341
         Unarmed           |       |       |       |       |     3 |       ||     3
         Spear             |       |       |       |       |   113 |    50 ||   163
         Eveningstar       |       |       |       |       |       |   246 ||   246
  Throw: Dart              |       |       |    16 |     8 |     2 |       ||    26
   Cast: Teleport Other    |       |       |       |     1 |     1 |       ||     2
         Arcjolt           |       |       |       |       |    30 |       ||    30
         Plasma Beam       |       |       |       |       |     1 |     5 ||     6
         Wereblood         |       |       |       |       |       |     4 ||     4
 Invoke: Ancestor Identity |       |       |       |     1 |       |       ||     1
         Ancestor Life: Ba |       |       |       |     1 |       |       ||     1
         Recall Ancestor   |       |       |       |       |     1 |     1 ||     2
         Idealise          |       |       |       |       |       |     2 ||     2
  Evoke: Wand              |       |     7 |     8 |    12 |    45 |       ||    72
         Box of beasts     |       |       |       |       |     1 |       ||     1
    Use: Scroll            |       |     7 |     8 |    15 |    13 |     3 ||    46
         Potion            |       |     2 |     4 |    13 |    18 |     5 ||    42
   Stab: Sleeping          |     1 |    32 |    29 |    25 |    23 |     5 ||   115
         Paralysed         |       |       |       |     6 |     5 |       ||    11
         Distracted        |       |       |       |     4 |    19 |     9 ||    32
         Invisible         |       |       |       |       |     3 |       ||     3
 Armour: Leather armour    |     7 |    67 |    41 |   380 |   112 |   129 ||   736
         Robe              |       |       |   119 |       |   352 |    12 ||   483
         Skin              |       |       |       |       |    36 |       ||    36
  Dodge: Dodged            |    11 |   145 |   187 |   416 |   632 |   193 ||  1584
  Block: Buckler           |       |       |       |       |    77 |   167 ||   244
         Reflection        |       |       |       |       |     5 |    12 ||    17
   Form: Beast             |       |     1 |       |       |       |       ||     1
                           |       |       |       |       |     1 |       ||     1

Table legend: (Time is in decaauts)
 A = Elapsed time spent in this place.
 B = Non-inter-level travel time spent in this place.
 C = Inter-level travel time spent in this place.
 D = Time resting spent in this place.
 E = Time spent auto-exploring this place.
 F = Levels seen in this place.
 G = Mean time per level.
                   A        B        C        D        E       F      G
               +--------+--------+--------+--------+--------+-----+--------+
         Total |  36348 |  34449 |   1899 |  12237 |  14836 |  27 | 1346.2 |
       Dungeon |  20109 |  18860 |   1249 |   5570 |   9284 |  15 | 1340.6 |
        Temple |     17 |      2 |     15 |      0 |      0 |   1 |   17.0 |
          Lair |  10049 |   9513 |    536 |   3696 |   4195 |   5 | 2009.8 |
     Snake Pit |    343 |    343 |      0 |      0 |    259 |   1 |  343.0 |
  Orcish Mines |   2367 |   2268 |     99 |    656 |    944 |   2 | 1183.5 |
        Bailey |    541 |    541 |      0 |    237 |     32 |   1 |  541.0 |
      Ice Cave |   1341 |   1341 |      0 |    896 |    121 |   1 | 1341.0 |
      Gauntlet |   1577 |   1577 |      0 |   1182 |      0 |   1 | 1577.0 |
               +--------+--------+--------+--------+--------+-----+--------+

Top non-repeatable levels by time:
    D:10: 2643 daAuts
  Lair:4: 2579 daAuts
  Lair:5: 2293 daAuts
  Lair:2: 2243 daAuts
    D:15: 1910 daAuts
    D:12: 1751 daAuts
Gauntlet: 1577 daAuts
  Lair:1: 1570 daAuts
     D:3: 1511 daAuts
   Orc:2: 1465 daAuts
     D:8: 1433 daAuts
     D:4: 1424 daAuts
  Lair:3: 1362 daAuts
   IceCv: 1341 daAuts
     D:5: 1290 daAuts
